PA
KENT COMETS @ MYRTLE BEACH SEAHAWKS
08/23/2042
 
TOP OF THE 1ST
Kent Comets batting - Pitching for Myrtle Beach Seahawks : RHP William Morán
Pitching: RHP William Morán
Batting: RHB Brian Matthews 0-0: Ball
1-0: Foul Ball, location: 2F
1-1: Called Strike
1-2: Ball
2-2: Foul Ball, location: 2F
2-2: Ground out 4-3 (Groundball, 4, EV 78.1 MPH)
Batting: RHB Ramón Suzuarregui 0-0: Swinging Strike
0-1: Ground out 4-3 (Groundball, 4M, EV 99.4 MPH)
Batting: RHB Jai-guo Tian 0-0: Foul Ball, location: 2F
0-1: Foul Ball, location: 2F
0-2: Foul Ball, location: 2F
0-2: Ball
1-2: Ball
2-2: Ground out 1-3 (Groundball, 34S, EV 81.2 MPH)
Top of the 1st over - 0 runs, 0 hits, 0 errors, 0 left on base; Kent 0 - Myrtle Beach 0
BOTTOM OF THE 1ST
Myrtle Beach Seahawks batting - Pitching for Kent Comets : RHP Janghyun Han
Pitching: RHP Janghyun Han
Batting: RHB Andrew Sprinkle 0-0: Ball
1-0: Ball
2-0: Called Strike
2-1: Swinging Strike
2-2: Ball
3-2: Foul Ball, location: 2F
3-2: Strikes out swinging, 2-3 out at first.
Batting: RHB Wendel Koudstaal 0-0: Ball
1-0: Fly out, F6 (Popup, 6, EV 62.5 MPH)
Batting: RHB Darren Gordam 0-0: Called Strike
0-1: Fly out, F8 (Flyball, 8RM, EV 85.0 MPH)
Bottom of the 1st over - 0 runs, 0 hits, 0 errors, 0 left on base; Kent 0 - Myrtle Beach 0
TOP OF THE 2ND
Kent Comets batting - Pitching for Myrtle Beach Seahawks : RHP William Morán
Batting: RHB John Jackson 0-0: Called Strike
0-1: Ball
1-1: Ball
2-1: SINGLE (Flyball, 89M, EV 83.8 MPH)
Batting: RHB Raúl Rosa 0-0: Called Strike
0-1: Ball
1-1: Ball
2-1: Ball
3-1: Called Strike
3-2: Base on Balls
John Jackson to second
Batting: RHB Jacob Gray 0-0: Ball
1-0: Ball
2-0: Ball
3-0: Base on Balls
John Jackson to third
Raúl Rosa to second
Batting: RHB León Galiano 0-0: Called Strike
0-1: Ball
1-1: Fielders Choice at 2nd, 4-6 (Groundball, 4, EV 90.6 MPH)
John Jackson scores
Raúl Rosa to third
Now at SS: José García
Batting: SHB Jesús Muñíz 0-0: Called Strike
0-1: Ball
1-1: Ball
2-1: Foul Ball, location: 2F
2-2: Fly out, F5 (Popup, 56S, EV 70.0 MPH)
Batting: RHB Zhao-ji Pan 0-0: Ball
1-0: Ball
2-0: Ground out 4-3 (Groundball, 4, EV 103.8 MPH)
Top of the 2nd over - 1 run, 1 hit, 0 errors, 2 left on base; Kent 1 - Myrtle Beach 0
BOTTOM OF THE 2ND
Myrtle Beach Seahawks batting - Pitching for Kent Comets : RHP Janghyun Han
Batting: LHB John Allen 0-0: Fly out, F9 (Flyball, 9LSF, EV 96.2 MPH)
Batting: RHB Cristo Lucas 0-0: Called Strike
0-1: Ball
1-1: Called Strike
1-2: Ball
2-2: Ball
3-2: Foul Ball, location: 2F
3-2: Foul Ball, location: 2F
3-2: Foul Ball, location: 2F
3-2: Base on Balls
Batting: LHB Anton Zdravomyslov 0-0: Called Strike
0-1: Ball
1-1: Foul Ball, location: 2F
1-2: Ball
2-2: Ball
3-2: Foul Ball, location: 2F
3-2: Fly out, F7 (Flyball, 78M, EV 84.4 MPH)
Batting: RHB Bartolo Ayala 0-0: Fielders Choice at 2nd, 6-4 (Groundball, 6, EV 85.6 MPH)
Bottom of the 2nd over - 0 runs, 0 hits, 0 errors, 1 left on base; Kent 1 - Myrtle Beach 0
TOP OF THE 3RD
Kent Comets batting - Pitching for Myrtle Beach Seahawks : RHP William Morán
Batting: RHB Brian Matthews 0-0: Called Strike
0-1: Foul Ball, location: 2F
0-2: Foul Ball, location: 2F
0-2: Ball
1-2: DOUBLE (Line Drive, 7LS, EV 103.8 MPH)
Batting: RHB Ramón Suzuarregui 0-0: Foul Ball, location: 2F
0-1: Foul Ball, location: 2F
0-2: SINGLE (Groundball, 25, EV 69.4 MPH) (infield hit)
Brian Matthews to third
Batting: RHB Jai-guo Tian 0-0: Foul Ball, location: 2F
0-1: Foul Ball, location: 2F
0-2: Ball
1-2: Strikes out swinging
Batting: RHB John Jackson 0-0: Called Strike
0-1: Ball
1-1: Ball
Ramón Suzuarregui steals 2nd, throwing error, E2
Brian Matthews scores
Ramón Suzuarregui to third
2-1: Swinging Strike
2-2: Ground out 6-3 (Groundball, 6, EV 105.0 MPH)
Ramón Suzuarregui scores
Batting: RHB Raúl Rosa 0-0: Ball
1-0: Fly out, F8 (Line Drive, 8RM, EV 84.4 MPH)
Top of the 3rd over - 2 runs, 2 hits, 1 error, 0 left on base; Kent 3 - Myrtle Beach 0
BOTTOM OF THE 3RD
Myrtle Beach Seahawks batting - Pitching for Kent Comets : RHP Janghyun Han
Batting: RHB Aleixos Arde 0-0: Ball
1-0: Swinging Strike
1-1: Swinging Strike
1-2: Strikes out swinging
Batting: RHB John Simpson 0-0: Called Strike
0-1: Swinging Strike
0-2: Ball
1-2: Ball
2-2: Ball
3-2: Strikes out swinging
Batting: RHB Andrew Sprinkle 0-0: Called Strike
0-1: Ground out 4-3 (Groundball, 4, EV 81.2 MPH)
Bottom of the 3rd over - 0 runs, 0 hits, 0 errors, 0 left on base; Kent 3 - Myrtle Beach 0
TOP OF THE 4TH
Kent Comets batting - Pitching for Myrtle Beach Seahawks : RHP William Morán
Batting: RHB Jacob Gray 0-0: Foul Ball, location: 2F
0-1: Swinging Strike
0-2: Foul Ball, location: 2F
0-2: Foul Ball, location: 2F
0-2: Ball
1-2: Foul Ball, location: 2F
1-2: Ball
2-2: SINGLE (Groundball, 56D, EV 103.1 MPH)
Batting: RHB León Galiano 0-0: Ball
1-0: Foul Ball, location: 2F
1-1: 2-RUN HOME RUN (Flyball, 7D, EV 93.8 MPH), Distance : 400 ft
Batting: SHB Jesús Muñíz 0-0: Ball
1-0: Ground out U3 (Groundball, 34S, EV 90.0 MPH)
Batting: RHB Zhao-ji Pan 0-0: Called Strike
0-1: Foul Ball, location: 2F
0-2: Ball
1-2: Ground out 5-3 (Groundball, 56, EV 102.5 MPH)
Batting: RHB Brian Matthews 0-0: Called Strike
0-1: Ball
1-1: Called Strike
1-2: Strikes out swinging
Top of the 4th over - 2 runs, 2 hits, 0 errors, 0 left on base; Kent 5 - Myrtle Beach 0
BOTTOM OF THE 4TH
Myrtle Beach Seahawks batting - Pitching for Kent Comets : RHP Janghyun Han
Batting: RHB Wendel Koudstaal 0-0: Ball
1-0: Ball
2-0: Foul Ball, location: 2F
2-1: Ball
3-1: Ground out U3 (Groundball, 3L, EV 104.4 MPH)
Batting: SHB José García 0-0: Ball
1-0: Called Strike
1-1: Ball
2-1: Swinging Strike
2-2: Ball
3-2: Base on Balls
Batting: LHB John Allen 0-0: Called Strike
0-1: Foul Ball, location: 2F
0-2: Foul Ball, location: 2F
0-2: Ball
1-2: Foul Ball, location: 2F
1-2: Ball
José García steals 2nd base
2-2: Ground out 6-3 (Groundball, 6, EV 79.4 MPH)
José García to third
Batting: RHB Cristo Lucas 0-0: Ball
1-0: Foul Ball, location: 2F
1-1: Ball
2-1: Foul Ball, location: 2F
2-2: Ball
3-2: Foul Ball, location: 2F
3-2: DOUBLE (Flyball, 8LXD, EV 100.0 MPH)
José García scores
Batting: LHB Anton Zdravomyslov 0-0: Ball
1-0: Called Strike
1-1: Ground out 4-3 (Groundball, 34D, EV 79.4 MPH)
Bottom of the 4th over - 1 run, 1 hit, 0 errors, 1 left on base; Kent 5 - Myrtle Beach 1
TOP OF THE 5TH
Kent Comets batting - Pitching for Myrtle Beach Seahawks : RHP William Morán
Batting: RHB Ramón Suzuarregui 0-0: Called Strike
0-1: Called Strike
0-2: SINGLE (Line Drive, 34D, EV 105.0 MPH)
Pitching: RHP Joe Gregg
Batting: RHB Jai-guo Tian 0-0: Ball
1-0: Called Strike
1-1: Ball
2-1: Fly out, F7 (Flyball, 7, EV 98.1 MPH)
Batting: RHB John Jackson 0-0: Grounds into double play, 5-4-3 (Groundball, 5, EV 101.2 MPH)
Top of the 5th over - 0 runs, 1 hit, 0 errors, 0 left on base; Kent 5 - Myrtle Beach 1
BOTTOM OF THE 5TH
Myrtle Beach Seahawks batting - Pitching for Kent Comets : RHP Janghyun Han
Batting: RHB Bartolo Ayala 0-0: Ground out 1-3 (Groundball, 34S, EV 65.0 MPH)
Batting: RHB Aleixos Arde 0-0: Swinging Strike
0-1: Called Strike
0-2: Strikes out swinging
Batting: RHB John Simpson 0-0: Ball
1-0: Fly out, F9 (Flyball, 89M, EV 83.1 MPH)
Bottom of the 5th over - 0 runs, 0 hits, 0 errors, 0 left on base; Kent 5 - Myrtle Beach 1
TOP OF THE 6TH
Kent Comets batting - Pitching for Myrtle Beach Seahawks : RHP Joe Gregg
Batting: RHB Raúl Rosa 0-0: Ball
1-0: Ground out 6-3 (Groundball, 6, EV 80.0 MPH)
Batting: RHB Jacob Gray 0-0: Called Strike
0-1: Ball
1-1: Swinging Strike
1-2: Strikes out swinging
Batting: RHB León Galiano 0-0: Ball
1-0: Swinging Strike
1-1: Ball
2-1: Fly out, F8 (Flyball, 8LD, EV 91.2 MPH)
Top of the 6th over - 0 runs, 0 hits, 0 errors, 0 left on base; Kent 5 - Myrtle Beach 1
BOTTOM OF THE 6TH
Myrtle Beach Seahawks batting - Pitching for Kent Comets : RHP Janghyun Han
Batting: RHB Andrew Sprinkle 0-0: Ball
1-0: Ball
2-0: Ball
3-0: Called Strike
3-1: Ground out 6-3 (Groundball, 56, EV 78.1 MPH)
Batting: RHB Wendel Koudstaal 0-0: Called Strike
0-1: DOUBLE (Line Drive, 78XD, EV 100.6 MPH)
Batting: SHB José García 0-0: Foul Ball, location: 2F
0-1: Called Strike
0-2: Fly out, F8 (Flyball, 8RM, EV 88.8 MPH)
Batting: LHB John Allen 0-0: Swinging Strike
0-1: Called Strike
0-2: Strikes out swinging
Bottom of the 6th over - 0 runs, 1 hit, 0 errors, 1 left on base; Kent 5 - Myrtle Beach 1
TOP OF THE 7TH
Kent Comets batting - Pitching for Myrtle Beach Seahawks : RHP Joe Gregg
Batting: SHB Jesús Muñíz 0-0: Called Strike
0-1: Foul Ball, location: 2F
0-2: Strikes out swinging
Batting: RHB Zhao-ji Pan 0-0: Called Strike
0-1: Called Strike
0-2: Ball
1-2: Strikes out swinging
Batting: RHB Brian Matthews 0-0: Ball
1-0: Foul Ball, location: 2F
1-1: Foul Ball, location: 2F
1-2: Strikes out swinging
Top of the 7th over - 0 runs, 0 hits, 0 errors, 0 left on base; Kent 5 - Myrtle Beach 1
BOTTOM OF THE 7TH
Myrtle Beach Seahawks batting - Pitching for Kent Comets : RHP Janghyun Han
Batting: RHB Cristo Lucas 0-0: Ball
1-0: Ball
2-0: Foul Ball, location: 2F
2-1: Ball
3-1: Swinging Strike
3-2: Base on Balls
Batting: LHB Anton Zdravomyslov 0-0: Swinging Strike
0-1: Ball
1-1: Ball
2-1: Called Strike
2-2: Foul Ball, location: 2F
2-2: Ball
3-2: Fly out, F3 (Popup, 3SF, EV 77.5 MPH)
Batting: RHB Bartolo Ayala 0-0: Ball
1-0: Foul Ball, location: 2F
1-1: SINGLE (Groundball, 6MD, EV 98.1 MPH)
Cristo Lucas to second
Batting: RHB Aleixos Arde 0-0: Ball
1-0: 3-RUN HOME RUN (Flyball, 9D, EV 95.0 MPH), Distance : 412 ft
Batting: RHB John Simpson 0-0: Called Strike
0-1: Swinging Strike
0-2: SINGLE (Groundball, 56S, EV 65.0 MPH) (infield hit)
Pitching: RHP Ellis Huntley
Batting: RHB Andrew Sprinkle 0-0: Ball
1-0: Ball
2-0: Called Strike
2-1: Called Strike
2-2: Foul Ball, location: 2F
2-2: Strikes out swinging
Batting: RHB Wendel Koudstaal 0-0: Called Strike
0-1: Ball
1-1: Called Strike
1-2: Foul Ball, location: 2F
1-2: Ground out 4-3 (Groundball, 4, EV 85.6 MPH)
Bottom of the 7th over - 3 runs, 3 hits, 0 errors, 1 left on base; Kent 5 - Myrtle Beach 4
TOP OF THE 8TH
Kent Comets batting - Pitching for Myrtle Beach Seahawks : RHP Joe Gregg
Batting: RHB Ramón Suzuarregui 0-0: Fly out, F3 (Popup, 3F, EV 81.9 MPH)
Batting: RHB Jai-guo Tian 0-0: Ball
1-0: Called Strike
1-1: Ball
2-1: Swinging Strike
2-2: Strikes out swinging
Batting: RHB John Jackson 0-0: Called Strike
0-1: Swinging Strike
0-2: Foul Ball, location: 2F
0-2: Fly out, F4 (Popup, 4MS, EV 58.1 MPH)
Top of the 8th over - 0 runs, 0 hits, 0 errors, 0 left on base; Kent 5 - Myrtle Beach 4
BOTTOM OF THE 8TH
Myrtle Beach Seahawks batting - Pitching for Kent Comets : RHP Ellis Huntley
Now at SS: Roberto Méndez
Batting: SHB José García 0-0: Ball
1-0: Called Strike
1-1: Swinging Strike
1-2: Ball
2-2: Ball
3-2: Fly out, F7 (Line Drive, 7, EV 87.5 MPH)
Batting: LHB John Allen 0-0: Swinging Strike
0-1: Swinging Strike
0-2: Strikes out swinging
Batting: RHB Cristo Lucas 0-0: Foul Ball, location: 2F
0-1: Foul Ball, location: 2F
0-2: Ball
1-2: Ball
2-2: Ball
3-2: Ground out 4-3 (Groundball, 34, EV 105.0 MPH)
Bottom of the 8th over - 0 runs, 0 hits, 0 errors, 0 left on base; Kent 5 - Myrtle Beach 4
TOP OF THE 9TH
Kent Comets batting - Pitching for Myrtle Beach Seahawks : RHP Joe Gregg
Batting: RHB Raúl Rosa 0-0: Ball
1-0: Ball
2-0: Called Strike
2-1: Foul Ball, location: 2F
2-2: Ball
3-2: Strikes out looking
Batting: RHB Jacob Gray 0-0: Ball
1-0: SINGLE (Groundball, 6MD, EV 100.0 MPH)
Batting: RHB León Galiano 0-0: Called Strike
0-1: Called Strike
0-2: Grounds into double play, 6-4-3 (Groundball, 6, EV 86.9 MPH)
Top of the 9th over - 0 runs, 1 hit, 0 errors, 0 left on base; Kent 5 - Myrtle Beach 4
BOTTOM OF THE 9TH
Myrtle Beach Seahawks batting - Pitching for Kent Comets : RHP Ellis Huntley
Pitching: RHP António del Pozo
Now at 1B: José Sánchez
Batting: LHB Anton Zdravomyslov 0-0: Called Strike
0-1: Foul Ball, location: 2F
0-2: Ground out 4-3 (Groundball, 4S, EV 93.8 MPH)
Batting: RHB Bartolo Ayala 0-0: Called Strike
0-1: Ball
1-1: Foul Ball, location: 2F
1-2: Ball
2-2: Ball
3-2: Fly out, F9 (Flyball, 9D, EV 90.6 MPH)
Batting: RHB Aleixos Arde 0-0: Called Strike
0-1: Foul Ball, location: 2F
0-2: Ball
1-2: Strikes out looking
Bottom of the 9th over - 0 runs, 0 hits, 0 errors, 0 left on base; Kent 5 - Myrtle Beach 4
Friday, March 26th, 2021 - OOTP Baseball 20.8 Build 74